 Dungeon Crawl Stone Soup version 0.24-a0-762-gca426f56c8 (webtiles) character file.

Game seed: 13115139995927497445, levelgen mode: deterministic

142 Arixos the Vexing (level 5, -2/23 HPs)
             Began as a Felid Enchanter on Oct 3, 2019.
             Killed from afar by Kohma's ghost (17 damage)
             ... with an orb of energy
             ... on level 3 of the Dungeon.
             The game lasted 00:32:01 (5539 turns).

Arixos the Vexing (Felid Enchanter)                 Turns: 5539, Time: 00:32:04

Health: -2/23      AC:  2    Str:  6    XL:     5   Next: 3%
Magic:  1/10       EV: 20    Int: 16    God:
Gold:   247        SH:  0    Dex: 17    Spells: 0/10 levels left
                                        Lives:  0   Deaths: 2

rFire    . . .     SeeInvis +     - Unarmed
rCold    . . .     Gourm    .   (shield unavailable)
rNeg     . . .     Faith    .   (armour unavailable)
rPois    .         Spirit   .   (helmet unavailable)
rElec    .         Reflect  .   (cloak unavailable)
rCorr    +         Harm     .   (gloves unavailable)
MR       .....                  (boots unavailable)
Stlth    ++++......             (no amulet)
HPRegen  0.07/turn              c - ring of resist corrosion
MPRegen  0.12/turn              (no ring)

@: quick
A: very small, no armour, no weapons or thrown items, stealth, claws 1, fangs 3,
see invisible, carnivore, speed 1, shaggy fur 2, slow metabolism 1, sharp paws
a: no special abilities


You were on level 3 of the Dungeon.
You were not hungry.

You visited 1 branch of the dungeon, and saw 4 of its levels.

You collected 247 gold pieces.

Inventory:

Jewellery
 c - a ring of resist corrosion (left paw)
Wands
 d - a wand of iceblast (9)
 l - a wand of disintegration (17)
Scrolls
 g - 2 scrolls of identify
 q - 2 scrolls of teleportation
Potions
 a - 4 potions of lignification {unknown}
 f - 3 potions of mutation {unknown}
 h - a potion of invisibility {unknown}
 j - a potion of brilliance {unknown}
 k - a potion of cancellation {unknown}
 m - a potion of agility {unknown}
 n - 2 potions of curing {unknown}
 p - a potion of might {unknown}
Comestibles
 b - 10 rations


   Skills:
 + Level 2.5 Fighting
 + Level 4.5 Dodging
 + Level 5.6 Stealth
 + Level 2.8 Unarmed Combat
 + Level 3.1 Spellcasting
 + Level 6.1 Hexes
 + Level 0.5 Translocations
 - Level 2.0 Ice Magic


You couldn't memorise any spells.
You knew the following spells:

 Your Spells              Type           Power        Failure   Level  Hunger
a - Ensorcelled Hibernat  Hex/Ice        ###...       5%          2    ##.....
b - Corona                Hex            ###....      1%          1    None
c - Confuse               Hex            ###.....     4%          3    ###....
d - Tukima's Dance        Hex            ###.....     4%          3    ###....
e - Blink                 Tloc           N/A          22%         2    ##.....

Your spell library contained the following spells:

 Spells                   Type           Power        Failure   Level  Hunger
 Slow                     Hex            ###.....     2%          2    ##.....
 Dazzling Spray           Conj/Hex       ##....       16%         3    ###....
 Magic Dart               Conj           #...         19%         1    None
 Call Imp                 Summ           #.......     28%         2    ##.....
 Conjure Flame            Conj/Fire      #.......     50%         3    ###....
 Mephitic Cloud           Conj/Pois/Air  #.......     50%         3    ###....


Dungeon Overview and Level Annotations

Branches:
Dungeon (4/15)
 Temple: D:4-7

Altars:
Hepliaklqana

Annotations:
D:3 Kohma's ghost, amateur DrCj


Innate Abilities, Weirdness & Mutations

You cannot wear armour.
You are incapable of wielding weapons or throwing items.
Your paws allow you to move quietly. (Stealth)
You have sharp claws.
You have razor-sharp teeth.
You have supernaturally acute eyesight. (SInv)
You are carnivorous and can eat meat at any time.
You cover ground quickly.
You are covered in thick fur. (AC +2)
You have a slow metabolism.
Your sharp claws are effective at attacking unaware monsters.


Message History

Confirm with . or Enter, or press ? or * to list all spells.
Aiming: Confuse (safe; 4% risk of failure)
Press: ? - help, Shift-Dir - straight line, f/p - Kohma's ghost
Aim: Kohma's ghost, wielding a weapon of flaming (severely damaged, chance to defeat MR: 40%) Kohma's ghost resists with some effort.
Kohma's ghost hits you. Kohma's ghost burns you.
You closely miss Kohma's ghost.
Kohma's ghost is severely damaged.
Kohma's ghost casts a spell at you. The orb of energy misses you.
The orb of energy explodes!
You closely miss Kohma's ghost.
Kohma's ghost is severely damaged.
Kohma's ghost misses you.
You closely miss Kohma's ghost.
You bite Kohma's ghost, but do no damage.
Kohma's ghost is severely damaged.
Kohma's ghost points at you and mumbles some strange words.
The orb of energy hits you!
Ouch! That really hurt!
You die...

..........#........###....##.#.(.
..........#.........(............
....##..............#.(..#.#.#...
...###.............(.....#.#.#...
.#.#..............)<.........#...
.#...............................
....#...............########.....
#.....#####.....[..##########....
##...######....)@............#...
#..#.....##....W..(#########....#
...#####..#†######## ####.. ...#
##..W# ##_## ##. ..## ##..#
8...8# #. ..#
###..##.....######### #. .##
##....#8.....8#......###### ##
###..#..##.?...##.)....÷....# #
##...######8... #.######.....


You could see Kohma's ghost.

Vanquished Creatures
  Sigmund (D:1)
  A gnoll shaman (D:3)
  A jelly (D:3)
  A hound (D:4)
  2 orc wizards (D:4)
  Terence (D:1)
  Ijyb (D:3)
  6 gnolls
  4 adders
  3 oozes
  2 dart slugs (D:1)
  2 leopard geckos
  7 orcs
  7 bats
  4 giant cockroaches
  10 goblins
  5 hobgoblins
  A jackal (D:1)
  4 kobolds
  2 quokkas (D:3)
  A ball python (D:4)
  A frilled lizard (D:2)
  11 rats
78 creatures vanquished.

Vanquished Creatures (collateral kills)
  A gnoll (D:4)
  2 orcs (D:3)
3 creatures vanquished.

Grand Total: 81 creatures vanquished

Notes
Turn   | Place    | Note
-------+----------+-------------------------------------------
     0 | D:1      | Arixos the Felid Enchanter began the quest for the Orb.
     0 | D:1      | Reached XP level 1. HP: 7/7 MP: 4/4
   381 | D:1      | Reached XP level 2. HP: 8/12 MP: 1/6
   469 | D:1      | Learned a level 2 spell: Ensorcelled Hibernation
   501 | D:1      | You fall into a shaft and drop 1 floor!
   506 | D:2      | Noticed Terence
   712 | D:1      | Killed Terence
   712 | D:1      | Reached skill level 1 in Fighting
   712 | D:1      | Reached XP level 3. HP: 15/15 MP: 0/7
   782 | D:1      | Learned a level 3 spell: Confuse
  1826 | D:2      | Reached XP level 4. HP: 19/19 MP: 5/8
  1896 | D:2      | Reached skill level 5 in Hexes
  2594 | D:2      | Noticed Sigmund
  3122 | D:1      | Killed Sigmund
  3122 | D:1      | Reached skill level 5 in Stealth
  3122 | D:1      | Reached skill level 1 in Ice Magic
  3122 | D:1      | Reached XP level 5. HP: 18/22 MP: 2/10
  3122 | D:1      | Gained mutation: You are covered in thick fur. (AC +2)
                  | [Felid growth]
  3122 | D:1      | Reached XP level 6. HP: 21/26 MP: 2/11
  3200 | D:1      | Learned a level 3 spell: Tukima's Dance
  3324 | D:3      | Found a hazy altar of Hepliaklqana.
  3324 | D:3      | Noticed Ijyb
  3421 | D:3      | Killed Ijyb
  4469 | D:4      | Found a runed translucent door.
  4469 | D:4      | Noticed Kohma's ghost (amateur DrCj)
  4779 | D:3      | Reached skill level 6 in Hexes
  4863 | D:3      | Learned a level 2 spell: Blink
  4972 | D:4      | Reached XP level 7. HP: 30/30 MP: 12/12
  5471 | D:3      | Killed from afar by Kohma's ghost
  5472 | D:3      | Reached XP level 6. HP: -8/27 MP: 11/11
  5504 | D:3      | Killed from afar by Kohma's ghost
  5505 | D:3      | Reached XP level 5. HP: -2/23 MP: 2/10
  5539 | D:3      | Killed from afar by Kohma's ghost

Levels and vault maps discovered:
D:1:      lightli_arrival_chessboard, layout_basic
D:2:      layout_basic, st_stairs_13, uniq_terence, uniq_sigmund
D:3:      layout_rooms, nicolae_overflow_hidden_temple, first_ration, uniq_ijyb
D:4:      layout_layer_cave, marbit_many_paths, hellmonk_ghost_happy_afterlife

Skill      XL: |  1  2  3  4  5  6 |
---------------+-------------------+-----
Dodging        | 3 4 |  4.5
Fighting       | 1 2 |  2.5
Hexes          | 5 6 |  6.1
Stealth        | 5 |  5.6
Unarmed Combat | 2 |  2.8
Ice Magic      | 1 2 |  2.0
Spellcasting   | 3 |  3.1
Translocations | |  0.5

Action                   |  1- 3 |  4- 6 |  7- 9 || total
-------------------------+-------+-------+-------++-------
Melee: Unarmed           |    45 |    92 |     7 ||   144
       Bite              |     3 |     5 |     1 ||     9
 Cast: Corona            |     5 |       |       ||     5
       Ensorcelled Hiber |    28 |    76 |     1 ||   105
       Confuse           |       |    15 |     6 ||    21
       Tukima's Dance    |       |     5 |       ||     5
  Use: Scroll            |       |     4 |       ||     4
 Stab: Sleeping          |    25 |    53 |       ||    78
       Confused          |       |     4 |       ||     4
  Eat: Chunk             |     8 |    15 |     1 ||    24
Armor: Skin              |     4 |       |       ||     4
Dodge: Dodged            |    51 |    85 |    13 ||   149

Table legend:
 A = Non-vault XP
 B = Vault XP
 C = Vault XP percentage of total XP
 D = Non-vault monster count
 E = Vault monster count
 F = Vault count percentage of total count
                 A         B        C        D         E       F
            +---------+---------+-------+---------+---------+-------
      Total |     474 |     287 |  37.7 |      76 |       5 |   6.2
            +---------+---------+-------+---------+---------+-------
        D:1 |      52 |     250 |  82.8 |      21 |       3 |  12.5
        D:2 |      79 |       2 |   2.5 |      17 |       1 |   5.6
        D:3 |     172 |      35 |  16.9 |      28 |       1 |   3.4
        D:4 |     171 |       0 |   0.0 |      10 |       0 |   0.0
            +---------+---------+-------+---------+---------+-------
